 Dungeon Crawl Stone Soup version 0.30-a0-950-gbf40cfac39 (webtiles) character file.

Game seed: 75837045315793428

108448 Maize the Executioner (level 16, -1/152 HPs)
             Began as a Minotaur Berserker on Mar 28, 2023.
             Was a High Priest of Trog.
             Slain by a culicivora (9 damage)
             ... on level 1 of the Spider Nest.
             The game lasted 01:04:39 (21289 turns).

Maize the Executioner (Minotaur Berserker)         Turns: 21289, Time: 01:04:39

Health: -1/152     AC: 26    Str: 28    XL:     16   Next: 2%
Magic:  15/15      EV:  7    Int:  7    God:    Trog [*****.]
Gold:   2511       SH:  0    Dex: 18    Spells: 15/15 levels left

rFire   + . .      SeeInvis .    L - +8 war axe "Regyzeuh" {heavy, rPois}
rCold   + . .      Faith    .    Y - +2 tower shield
rNeg    . . .      Spirit   .    H - +0 plate armour
rPois   +          Reflect  .    (helmet restricted)
rElec   .          Rampage  .    q - scarf {rC+ rF+}
rCorr   .                        v - +2 pair of gloves
Will    +....                    S - +0 pair of boots Stlth
                                 s - amulet of regeneration
HPRegen 1.25/turn                g - +4 ring of protection
MPRegen 0.14/turn                I - ring of Uschaeg {Int+3 Dex+6 Slay+2}

@: confused
A: horns 2, retaliatory headbutt
a: Renounce Religion, Berserk, Trog's Hand, Brothers in Arms


You were on level 1 of the Spider Nest.
You worshipped Trog.
Trog was extremely pleased with you.
You visited 4 branches of the dungeon, and saw 23 of its levels.
You also visited: Bailey and Volcano.

You collected 3447 gold pieces.
You spent 936 gold pieces at shops.

Inventory:

Hand Weapons
 a - a +5 war axe of flaming
 c - the +4 broad axe "Jasog" {flame, rF+ rN+ Will+ Int+4}
   (You bought it in a shop on level 2 of the Orcish Mines)

   Int:       It affects your intelligence (+4).
   rF:        It protects you from fire.
   rN:        It protects you from negative energy.
   Will:      It increases your willpower.
 L - the +8 war axe "Regyzeuh" (weapon) {heavy, rPois}
   (Trog gifted it to you on level 15 of the Dungeon)

   rPois:     It protects you from poison.
 P - a +5 antimagic hand axe
 W - the +10 war axe "Dureivif" {heavy, +Blink rC- rCorr Int+3}
   (You found it on level 14 of the Dungeon)

   Int:       It affects your intelligence (+3).
   rC:        It makes you vulnerable to cold.
   +Blink:    It lets you blink.
   rCorr:     It protects you from acid and corrosion.
Missiles
 z - 7 curare-tipped darts (quivered)
Armour
 q - a scarf of resistance (worn)
 v - a +2 pair of gloves (worn)
 D - the +5 scale mail of Relativism {Contam rN+ Will+++ SInv}
   (You found it on level 12 of the Dungeon)

   rN:        It protects you from negative energy.
   SInv:      It lets you see invisible.
   Contam:    It causes magical contamination when unequipped.
   Will:      It greatly increases your willpower.
 H - a +0 plate armour (worn)
 S - a +0 pair of boots (worn)
 X - a +2 chain mail of cold resistance
 Y - a +2 tower shield (worn)
Jewellery
 g - a +4 ring of protection (left hand)
 s - an amulet of regeneration (around neck)
 x - a ring of ice
 I - the ring of Uschaeg (right hand) {Int+3 Dex+6 Slay+2}
   (You found it on level 2 of the Lair of Beasts)

   [ring of dexterity]

   Int:       It affects your intelligence (+3).
   Dex:       It affects your dexterity (+6).
   Slay:      It affects your accuracy & damage with ranged weapons and melee
   (+2).
 K - an amulet of reflection
 Q - a +5 ring of evasion
 Z - a +6 ring of strength
Wands
 y - a wand of iceblast (27)
 C - a wand of flame (69)
 E - a wand of polymorph (6)
 N - a wand of charming (31)
 O - a wand of digging (8)
 R - a wand of acid (4)
Scrolls
 d - 5 scrolls of silence
 e - 6 scrolls of fear
 h - 4 scrolls of noise
 i - 4 scrolls of torment
 k - 5 scrolls of magic mapping
 m - 6 scrolls of enchant weapon
 n - 5 scrolls of blinking
 p - 3 scrolls of fog
 r - 5 scrolls of poison
 t - 17 scrolls of teleportation
 w - 2 scrolls of enchant armour
 A - a scroll of acquirement
 B - 5 scrolls of vulnerability
 F - 5 scrolls of immolation
Potions
 b - 11 potions of curing
 f - 6 potions of might
 j - 9 potions of heal wounds
 l - 8 potions of mutation
 o - a potion of resistance
 u - 4 potions of haste
 G - 5 potions of lignification
 J - a potion of cancellation
 M - 2 potions of invisibility
 T - 2 potions of ambrosia
 U - a potion of flight
 V - 4 potions of attraction


   Skills:
 + Level 16.5 Fighting
 * Level 22.3 Axes
 + Level 16.3 Armour
 - Level 2.3 Dodging
 + Level 13.2 Shields


You had 15 spell levels left.
You didn't know any spells.
Your spell library was empty.

Dungeon Overview and Level Annotations

Branches:
Dungeon (15/15)            Temple (0/1) D:7            Lair (5/5) D:9
 Shoals (0/4) Lair:3       Spider (1/4) Lair:2          Orc (2/2) D:10
    Elf (0/3) Orc:2        Vaults (0/5) D:14         Depths (0/4) D:15
 Bailey (visited)         Volcano (visited)
  Slime: Lair:4-5

Altars:
Elyvilon
Kikubaaqudgha
Ru
Trog
Yredelemnul
The Shining One

Shops:
Orc:2 *=(=[

Portals:
Trove: D:13 (give 16 potions of curing)

Annotations:
Lair:4 exclusion: oklob plant


Innate Abilities, Weirdness & Mutations

You have a pair of horns on your head.
You reflexively headbutt those who attack you in melee.


Message History

A spider bursts forth from the wound!
The redback bites you.
* * * LOW HITPOINT WARNING * * *
A redback comes into view.
The jumping spider leaps!
The culicivora completely misses you.
The redback bites you but does no damage.
The boulder beetle curls into a ball and begins rolling!
The broodmother summons a spider!
The broodmother bites you but does no damage.
The broodmother is healed somewhat.
The jumping spider leaps!
The redback bites you but does no damage.
The tarantella barely misses you.
Unknown command.
Unknown command.
The redback bites you but does no damage.
The culicivora closely misses you.
The tarantella touches you but does no damage.
The wolf spider hits you!
* * * LOW HITPOINT WARNING * * *
The wolf spider bites you but does no damage.
The broodmother bites you!
* * * LOW HITPOINT WARNING * * *
A spider bursts forth from the wound!
The redback bites you but does no damage.
The broodmother summons spiders!
The tarantella touches you but does no damage.
In your confused state, you trip and fall back down the stairs.
* * * LOW HITPOINT WARNING * * *
The redback bites you but does no damage.
The culicivora bites you!
* * * LOW HITPOINT WARNING * * *
The culicivora draws strength from your injuries!
The tarantella barely misses you. The wolf spider hits you.
* * * LOW HITPOINT WARNING * * *
The wolf spider bites you but does no damage.
The redback bites you but does no damage.
The tarantella touches you but does no damage.
The broodmother summons a spider!
The broodmother bites you but does no damage.
The culicivora bites you!
You die...

.... ..#..
... #...#
..#. .$.
^....#...#
.s..
...s...#.....
#...#..#.#°..
#.#..s.ss°#
#..ssss○##..
#.ss@ssB.^.#
###sssss....
.s#ss#.....
##..s.. ....
. .s... #..
.#.#s#... #
#. ........ .
.........#


You could see 2 broodmothers, a boulder beetle (rolling), 3 demonic crawlers, 4
wolf spiders, 2 culicivoras, 3 jumping spiders, 4 tarantellas and 6 redbacks.

Vanquished Creatures
  Jorgrun (D:15)
  Rupert (D:14)
  Agnes (D:15)
  Roxanne (D:15)
  A stone giant (D:15)
  The ghost of MrZuerg the Marksminotaur, a journeyman MiHu of Qazlal (Lair:5)
  Nessos (D:14)
  Azrael (D:15)
  An ettin (Orc:1)
  A fire dragon (Lair:1)
  Josephine (D:15)
  Fannar (Lair:2)
  4 hydras
  6 centaur warriors
  A merfolk aquamancer (D:15)
  Erica (D:11)
  4 boulder beetles
  3 two-headed ogres
  11 death yaks
  Urug (D:12)
  3 tengu warriors
  6 orc high priests (Orc:2)
  Sonja (D:13)
  Amaemon (D:8)
  A goliath frog (Lair:5)
  A skyshark (Lair:5)
  A spectral hydra (Lair:5)
  5 orc knights
  Pikel (D:4)
  2 deep elf pyromancers
  A phantasmal warrior (Lair:4)
  3 manticores
  A deep elf zephyrmancer (D:15)
  A wolf spider (D:15)
  2 orc sorcerers
  8 ugly things
  2 salamanders (Volcano)
  11 cyclopes
  An oklob plant (Lair:1)
  5 black mambas
  2 torpor snails (Lair:2)
  6 elephants (Lair:5)
  2 water nymphs (D:15)
  An orange demon (D:8)
  23 cane toads
  2 gargoyles
  8 komodo dragons
  An unseen horror (D:6)
  3 rime drakes
  A kobold demonologist (D:9)
  A yaktaur (D:14)
  A freezing wraith (D:15)
  6 trolls
  7 meliai
  6 polar bears
  A troll (shapeshifter) (D:13)
  A hornet (D:7)
  A tarantella (Spider:1)
  13 blink frogs (Lair:5)
  4 dream sheep (Lair:2)
  2 tyrant leeches (Lair:5)
  A spectral black mamba (Lair:5)
  A jumping spider (shapeshifter) (D:14)
  A jumping spider (Spider:1)
  2 wyverns
  A shadow (D:11)
  7 slime creatures
  A vampire (D:6)
  9 wraiths
  3 fire elementals (D:15)
  5 basilisks
  3 fire bats (Lair:1)
  17 humans
  A water elemental (D:15)
  45 yaks
  A basilisk (shapeshifter) (D:14)
  A steam dragon (D:9)
  A redback (Spider:1)
  14 vampire mosquitoes
  13 wargs
  2 spectral cane toads (Lair:5)
  10 water moccasins
  Duvessa (D:4)
  4 hell hounds (D:15)
  A hydra simulacrum (Lair:5)
  28 orc warriors
  A sky beast (D:7)
  2 ice beasts
  2 black bears
  12 ogres
  31 wolves
  18 centaurs
  A phantom (D:6)
  8 kobold brigands
  10 bullfrogs
  6 scorpions
  Blork the orc (D:5)
  A gnoll sergeant (D:7)
  4 wights (D:7)
  Dowan (D:4)
  16 killer bees
  4 vampire bats (Lair:4)
  The ghost of Odexios the Conjurer, a weakling DgCj (D:3)
  4 electric eels
  7 howler monkeys
  A torpor snail simulacrum (Lair:5)
  2 jellies (D:7)
  38 orc priests
  2 sleepcaps (D:6)
  Crazy Yiuf (D:5)
  8 hounds
  Jessica (D:3)
  2 gnoll boudas (D:9)
  22 orc wizards
  Natasha (thrice) (D:2)
  4 iguanas
  21 gnolls
  12 adders
  A shadow imp (D:6)
  3 white imps
  An ufetubus (D:6)
  A worm (D:2)
  4 dart slugs
  92 orcs
  9 bats
  7 endoplasms
  A giant cockroach (D:1)
  7 goblins
  10 hobgoblins
  2 jackals (D:2)
  6 quokkas
  5 ball pythons
  5 frilled lizards
  15 kobolds
  A rat (D:1)
782 creatures vanquished.

Vanquished Creatures (others)
  A tengu conjurer (D:14)
  2 fire vortices (Lair:1)
  26 fungi
  89 plants
118 creatures vanquished.

Grand Total: 900 creatures vanquished

Notes
Turn   | Place    | Note
-------+----------+-------------------------------------------
     0 | D:1      | Maize the Minotaur Berserker began the quest for the Orb.
     0 | D:1      | Reached XP level 1. HP: 19/19 MP: 0/0
   113 | D:1      | Reached XP level 2. HP: 27/27 MP: 1/1
   141 | D:1      | Reached skill level 4 in Axes
  1042 | D:2      | Reached XP level 3. HP: 29/33 MP: 2/2
  1141 | D:2      | Reached XP level 4. HP: 34/40 MP: 3/3
  1251 | D:2      | Noticed Natasha
  1252 | D:2      | Reached ** piety under Trog
  1260 | D:2      | Killed Natasha
  1261 | D:2      | Reached skill level 5 in Axes
  1594 | D:2      | Noticed Natasha
  1601 | D:2      | Killed Natasha
  1602 | D:2      | Reached XP level 5. HP: 30/47 MP: 4/4
  1746 | D:2      | Noticed Natasha
  1755 | D:2      | Killed Natasha
  1911 | D:3      | Noticed Jessica
  1916 | D:3      | Noticed Odexios's ghost (weakling DgCj)
  1918 | D:3      | Found a transporter.
  1926 | D:3      | Killed Jessica
  1926 | D:3      | Noticed an ice beast
  1937 | D:3      | Found a transporter.
  2524 | D:3      | Identified the +0 falchion of the Hurtling Gods {speed, rF+
                  | Will+}
  2576 | D:3      | Reached skill level 6 in Axes
  2577 | D:3      | Killed Odexios's ghost
  2578 | D:3      | Reached skill level 5 in Fighting
  2581 | D:3      | Killed an ice beast
  2582 | D:3      | Reached XP level 6. HP: 56/56 MP: 5/5
  2816 | D:4      | Reached skill level 7 in Axes
  2896 | D:4      | Reached skill level 5 in Armour
  2896 | D:4      | Reached XP level 7. HP: 62/62 MP: 6/6
  2927 | D:4      | Reached *** piety under Trog
  2947 | D:4      | Reached skill level 8 in Axes
  2951 | D:4      | HP: 3/63 [poisoned by a scorpion]
  3344 | D:4      | Noticed Pikel
  3353 | D:4      | Killed Pikel
  3354 | D:4      | Reached skill level 9 in Axes
  3354 | D:4      | Reached XP level 8. HP: 71/71 MP: 7/7
  3476 | D:4      | Noticed Duvessa
  3476 | D:4      | Noticed Dowan
  3484 | D:4      | Killed Duvessa
  3506 | D:4      | Killed Dowan
  3856 | D:5      | Entered Level 5 of the Dungeon
  4129 | D:5      | Noticed Blork the orc
  4135 | D:5      | Killed Blork the orc
  4136 | D:5      | Reached skill level 10 in Axes
  4145 | D:5      | Found a runed translucent door.
  4146 | D:5      | Noticed Crazy Yiuf
  4217 | D:5      | Killed Crazy Yiuf
  4488 | D:5      | Found an ancient bone altar of Kikubaaqudgha.
  4686 | D:5      | Reached XP level 9. HP: 81/81 MP: 8/8
  5025 | D:6      | Reached skill level 11 in Axes
  5202 | D:6      | Reached **** piety under Trog
  5373 | D:6      | Found a transporter.
  5375 | D:6      | Found a transporter.
  5376 | D:6      | Noticed a cyclops
  5377 | D:6      | Found a bloodstained altar of Trog.
  5975 | D:6      | Killed a cyclops
  5976 | D:6      | Reached skill level 12 in Axes
  5996 | D:6      | Killed an unseen horror
  6078 | D:7      | Reached XP level 10. HP: 90/90 MP: 9/9
  6200 | D:7      | Found a white marble altar of Elyvilon.
  6337 | D:7      | Reached skill level 13 in Axes
  6509 | D:7      | Found a staircase to the Ecumenical Temple.
  6717 | D:8      | Found a flagged portal.
  6725 | Bailey   | Entered a bailey
  6813 | Bailey   | Noticed an orc knight
  6820 | Bailey   | Killed an orc knight
  6821 | Bailey   | Reached skill level 10 in Fighting
  6875 | Bailey   | Reached skill level 10 in Armour
  6877 | Bailey   | Reached skill level 14 in Axes
  6881 | Bailey   | Found an iron altar of Okawaru.
  7208 | D:8      | Noticed Amaemon
  7208 | D:8      | Noticed an orange demon
  7215 | D:8      | Killed Amaemon
  7216 | D:8      | Reached skill level 1 in Shields
  7227 | D:8      | Killed an orange demon
  7268 | D:8      | Noticed a two-headed ogre
  7275 | D:8      | Killed a two-headed ogre
  7276 | D:8      | Reached XP level 11. HP: 101/101 MP: 10/10
  7638 | D:9      | Noticed a two-headed ogre
  7645 | D:9      | Killed a two-headed ogre
  7800 | D:9      | Found a staircase to the Lair.
  7813 | D:9      | Reached ***** piety under Trog
  7820 | D:9      | Reached skill level 15 in Axes
  7959 | D:9      | Identified a scroll of acquirement
  8105 | D:9      | Found a glowing golden altar of the Shining One.
  8143 | D:10     | Entered Level 10 of the Dungeon
  8283 | D:10     | Found a staircase to the Orcish Mines.
  8372 | D:10     | Found a sacrificial altar of Ru.
  8406 | D:10     | Found a basalt altar of Yredelemnul.
  8643 | Orc:1    | Entered Level 1 of the Orcish Mines
  8653 | Orc:1    | Noticed an orc knight
  8674 | Orc:1    | Killed an orc knight
  8675 | Orc:1    | Reached skill level 5 in Shields
  8735 | Orc:1    | Noticed a two-headed ogre
  8743 | Orc:1    | Noticed an orc sorcerer
  8751 | Orc:1    | Killed a two-headed ogre
  8759 | Orc:1    | Killed an orc sorcerer
  8871 | Lair:1   | Entered Level 1 of the Lair of Beasts
  8871 | Lair:1   | Noticed an oklob plant
  8911 | Lair:1   | Reached skill level 16 in Axes
  8920 | Lair:1   | Received a gift from Trog
  8924 | Lair:1   | Reached XP level 12. HP: 112/112 MP: 11/11
  9273 | Lair:1   | Found an ancient bone altar of Kikubaaqudgha.
  9320 | Lair:1   | Found a dark tunnel.
  9328 | Volcano  | Entered a volcano
  9582 | Lair:1   | Identified the +2 spear "Webbekim" {protect, *Rage rPois
                  | Str+7}
  9738 | Lair:1   | Noticed a fire dragon
  9804 | Lair:1   | Killed a fire dragon
 10208 | Lair:2   | Reached skill level 17 in Axes
 10224 | Lair:2   | Noticed a death yak
 10246 | Lair:2   | Killed a death yak
 10397 | Lair:2   | Noticed Fannar
 10427 | Lair:2   | Killed Fannar
 10599 | Lair:2   | Received a gift from Trog
 10843 | Lair:2   | Found a hole to the Spider Nest.
 10957 | Lair:2   | Identified the ring of Uschaeg {Int+3 Dex+6 Slay+2}
 10974 | Lair:2   | Reached XP level 13. HP: 114/122 MP: 12/12
 11564 | Lair:3   | Reached skill level 18 in Axes
 11925 | Lair:3   | Found a staircase to the Shoals.
 12695 | Lair:4   | Found a runed translucent door.
 13297 | Lair:5   | Entered Level 5 of the Lair of Beasts
 13390 | Lair:5   | Reached skill level 19 in Axes
 13516 | Lair:5   | Received a gift from Trog
 13537 | Lair:5   | Reached skill level 10 in Shields
 13605 | Lair:5   | Reached XP level 14. HP: 123/132 MP: 13/13
 13878 | Lair:5   | Found a runed translucent gate.
 13878 | Lair:5   | Found a runed translucent gate.
 13878 | Lair:5   | Found a runed translucent gate.
 13879 | Lair:5   | Noticed MrZuerg's ghost (journeyman MiHu)
 13920 | Lair:5   | Killed MrZuerg's ghost
 14231 | Lair:5   | Reached skill level 20 in Axes
 14830 | D:11     | Noticed Erica
 14844 | D:11     | Killed Erica
 14922 | D:11     | Reached ****** piety under Trog
 15008 | D:11     | Received a gift from Trog
 15261 | D:11     | Reached skill level 15 in Fighting
 15732 | D:12     | Identified the +5 scale mail of Relativism {Contam rN+
                  | Will+++ SInv}
 15982 | D:12     | Identified the +3 short sword "Ogre's Funeral" {heavy,
                  | rPois Str-2 Int+3}
 16348 | D:12     | Noticed Urug
 16362 | D:12     | Killed Urug
 16819 | D:13     | Noticed Sonja
 16825 | D:13     | Killed Sonja
 16826 | D:13     | Reached skill level 15 in Armour
 16853 | D:13     | Found a portal to a secret trove of treasure.
 17638 | D:14     | Noticed Nessos
 17638 | D:14     | Noticed Rupert
 17638 | D:14     | Found a gate to the Vaults.
 17652 | D:14     | Received a gift from Trog
 17653 | D:14     | Killed Rupert
 17654 | D:14     | Reached XP level 15. HP: 52/141 MP: 14/14
 17763 | D:14     | Killed Nessos
 17767 | D:14     | Reached skill level 21 in Axes
 18040 | D:14     | Identified the +10 war axe "Dureivif" {heavy, +Blink rC-
                  | rCorr Int+3}
 18553 | D:15     | Entered Level 15 of the Dungeon
 18563 | D:15     | Noticed Agnes
 18569 | D:15     | Noticed Azrael
 18570 | D:15     | Killed Agnes
 18577 | D:15     | Killed Azrael
 18639 | D:15     | Noticed Josephine
 18670 | D:15     | Killed Josephine
 18718 | D:15     | Identified the +8 war axe "Regyzeuh" {heavy, rPois} (Trog
                  | gifted it to you on level 15 of the Dungeon)
 18718 | D:15     | Received a gift from Trog
 19011 | D:15     | Noticed Jorgrun
 19030 | D:15     | Killed Jorgrun
 19247 | D:15     | Found a staircase to the Depths.
 19500 | D:15     | Identified Roxanne's Excursus on Teratogeny
 19500 | D:15     | Noticed Roxanne
 19523 | D:15     | Killed Roxanne
 19524 | D:15     | Reached skill level 22 in Axes
 19528 | D:15     | Identified the +2 long sword "Venaecar" {distort, Int+2}
 19842 | Orc:2    | Entered Level 2 of the Orcish Mines
 19889 | Orc:2    | Paralysed by an orc sorcerer for 5 turns
 20000 | Orc:2    | Found Roureaph's Jewellery Shoppe.
 20000 | Orc:2    | Found Qeipt's Weapon Boutique.
 20006 | Orc:2    | Received a gift from Trog
 20101 | Orc:2    | Found Fesewk's Jewellery Shoppe.
 20101 | Orc:2    | Found Qoemoihe's Antique Armour Boutique.
 20276 | Orc:2    | Found a staircase to the Elven Halls.
 20467 | Orc:2    | Found Ruzuew's General Store.
 20475 | Orc:2    | Bought the +4 broad axe "Jasog" {flame, rF+ rN+ Will+
                  | Int+4} for 831 gold pieces
 20475 | Orc:2    | Bought a scroll of magic mapping for 105 gold pieces
 20870 | Orc:1    | Reached XP level 16. HP: 106/152 MP: 15/15
 21282 | Spider:1 | Entered Level 1 of the Spider Nest
 21287 | Spider:1 | Received a gift from Trog
 21289 | Spider:1 | Slain by a culicivora

Illustrated notes

Levels and vault maps discovered:
D:1:      minmay_arrival_open_corners, layout_loops_corners,
          kennysheep_crisscross, minmay_domino_4
D:2:      layout_basic, nicolae_elevator_lobby_plus, uniq_natasha
D:3:      layout_basic, gammafunk_ghost_arena, uniq_jessica
D:4:      layout_basic, minmay_fractal_squares_diagonal_5, uniq_pikel,
          uniq_duvessa
D:5:      layout_loops_ring, lemuel_tele_altar, kennysheep_dice,
          uniq_crazy_yiuf_cottage, uniq_blork_the_orc
D:6:      minmay_recursive_quarters, layout_loops_ring,
          gammafunk_temple_overflow_arena
D:7:      layout_rooms, elyvilon_altar_3, minmay_temple_entry_hall
D:8:      layout_gridville, enter_bailey_3, uniq_amaemon
D:9:      layout_rooms, lemuel_coloured_pillars_altar,
          erik_lair_orcish_takeover, grunt_decor_fettered,
          kennysheep_generic_room_6
D:10:     layout_rooms, mainiacjoe_overflow_two_lobes,
          minmay_orc_entry_temple_small
D:11:     layout_layer_cave, uniq_erica
D:12:     layout_layer_cave, uniq_urug
D:13:     layout_layer_cave, nicolae_trove_entry_crossroad, uniq_sonja
D:14:     kennysheep_blocky_room, layout_basic, david_vaults_3
D:15:     grunt_enter_depths_snipers, layout_loops_ring,
          minmay_misc_feat_four_crosses, special_room [special_room_orc],
          nicolae_splish_splash, uniq_azrael, uniq_agnes, uniq_roxanne,
          uniq_josephine, uniq_jorgrun
Lair:1:   dragon1_lemuel, layout_regular_city, lightli_volcano_entry_magma_tube,
          lemuel_oklob_altar, lemuel_fruit_fields
Lair:2:   layout_layer_cave, hellmonk_spider_entry_not_the_bees,
          beast_lair_carwin_7, lemuel_fruit_tree, grunt_megastairs_1,
          uniq_fannar
Lair:3:   layout_long_grid, elwin_shoals_entry_rocks, pdpol_lair_cavern_descent,
          uniq_rupert
Lair:4:   layout_misc_corridors, minmay_slime_entry_oklob_enclosed,
          roderic_batcave, pdpol_lair_neglected_garden,
          pdpol_lair_cabin_in_the_woods, grunt_megastairs_2
Lair:5:   minmay_lair_end_frog_pond, layout_misc_corridors,
          gammafunk_ghost_necromancy, infiniplex_staircase_pool_2
Spider:1: layout_spider_delve, uniq_asterion
Orc:1:    layout_diamond_mine
Orc:2:    st_orc_town, layout_caves, basic_altar, serial_shops, shop

Skill      XL: |  1  2  3  4  5  6  7  8  9 10 11 12 13 14 15 |
---------------+----------------------------------------------+-----
Axes           | 4 5 6 7 9 10 12 14 16 17 19 20 22 | 22.3
Fighting       | 4 5 6 7 9 10 11 13 14 15 16 | 16.5
Armour         | 3 4 5 6 7 8 10 11 12 14 15 16 | 16.3
Shields        | 2 5 8 10 11 13 | 13.2
Dodging        | |  2.3

Action                     |  1- 3 |  4- 6 |  7- 9 | 10-12 | 13-15 | 16-18 || total
---------------------------+-------+-------+-------+-------+-------+-------++-------
  Melee: Hand axe          |    64 |    99 |   150 |       |       |       ||   313
         Headbutt          |     6 |    11 |    54 |   111 |   265 |     7 ||   454
         Punch             |       |     2 |     1 |       |       |       ||     3
         War axe           |       |       |    33 |       |   435 |    16 ||   484
         Battleaxe         |       |       |    30 |   133 |       |       ||   163
         Broad axe         |       |       |       |   426 |   590 |       ||  1016
  Throw: Dart              |       |       |       |       |     1 |       ||     1
 Invoke: Berserk           |       |     3 |     7 |    10 |    11 |       ||    31
         Trog's Hand       |       |       |       |       |     1 |       ||     1
    Use: Scroll            |       |     8 |     4 |     7 |     4 |       ||    23
         Potion            |       |       |     1 |     5 |     2 |       ||     8
   Stab: Invisible         |       |       |       |       |     3 |       ||     3
 Armour: Animal skin       |     2 |       |       |       |       |       ||     2
         Ring mail         |    19 |    31 |    49 |       |       |       ||    99
         Chain mail        |       |       |    53 |    84 |       |       ||   137
         Plate armour      |       |       |       |   267 |   549 |    36 ||   852
         Skin              |       |       |       |     2 |       |       ||     2
  Dodge: Dodged            |    38 |    63 |   119 |   254 |   313 |    14 ||   801
  Block: Buckler           |       |       |       |   105 |   162 |       ||   267
         Tower shield      |       |       |       |       |   452 |    12 ||   464

Table legend: (Time is in decaauts)
 A = Elapsed time spent in this place.
 B = Non-inter-level travel time spent in this place.
 C = Inter-level travel time spent in this place.
 D = Time resting spent in this place.
 E = Time spent auto-exploring this place.
 F = Levels seen in this place.
 G = Mean time per level.
                   A        B        C        D        E       F      G
               +--------+--------+--------+--------+--------+-----+--------+
         Total |  21387 |  20008 |   1379 |   1555 |  12200 |  25 |  855.5 |
       Dungeon |  13770 |  12779 |    991 |    789 |   8489 |  15 |  918.0 |
          Lair |   5755 |   5555 |    200 |    589 |   3003 |   5 | 1151.0 |
   Spider Nest |      7 |      7 |      0 |      0 |      0 |   1 |    7.0 |
  Orcish Mines |   1578 |   1391 |    187 |    111 |    708 |   2 |  789.0 |
        Bailey |    213 |    213 |      0 |     37 |      0 |   1 |  213.0 |
       Volcano |     61 |     61 |      0 |     29 |      0 |   1 |   61.0 |
               +--------+--------+--------+--------+--------+-----+--------+

Top non-repeatable levels by time:
  Lair:2: 1439 daAuts
  Lair:5: 1286 daAuts
  Lair:1: 1283 daAuts
     D:4: 1276 daAuts
     D:5: 1266 daAuts
    D:15: 1173 daAuts
    D:13: 1162 daAuts
   Orc:2: 1111 daAuts
    D:12: 1074 daAuts
     D:6: 959 daAuts
  Lair:3: 946 daAuts
     D:1: 944 daAuts
     D:3: 857 daAuts
     D:2: 837 daAuts
    D:14: 830 daAuts
